 Dungeon Crawl Stone Soup version 0.22.0-49-gab54619674 (webtiles) character file.

52524 Riddle the Bewitcher (level 14, -8/55 HPs)
             Began as a Felid Enchanter on Sept 9, 2018.
             Was the Champion of Dithmenos.
             Mangled by a mana viper (16 damage)
             ... on level 2 of the Snake Pit.
             The game lasted 01:47:02 (32622 turns).

Riddle the Bewitcher (Felid Enchanter)             Turns: 32622, Time: 01:47:03

Health: -8/55      AC:  3    Str:  5    XL:     14   Next: 27%
Magic:  1/24       EV: 33    Int: 16    God:    Dithmenos [******]
Gold:   2089       SH:  0    Dex: 21    Spells: 16/25 levels left
                                        Lives:  0   Deaths: 4

rFire    + + .     SeeInvis +     - Unarmed
rCold    + . .     Gourm    .   (shield unavailable)
rNeg     . . .     Faith    .   (armour unavailable)
rPois    +         Spirit   .   (helmet unavailable)
rElec    .         Reflect  .   (cloak unavailable)
rCorr    .         Harm     .   (gloves unavailable)
MR       +....                  (boots unavailable)
Stlth    ++++++++++             C - amulet of rage
HPRegen  0.18/turn              E - ring of the Shining One's Whim {+Fly rPois rF++ MR- Slay+3}
MPRegen  0.19/turn              p - ring of stealth

@: wreathed by umbra, quick
A: very small, no armour, no weapons or thrown items, stealth, claws 1, fangs 3,
see invisible, carnivore, speed 1, shaggy fur 3, slow metabolism 1, sharp paws
a: Shadow Step, Shadow Form, Renounce Religion, Evoke Berserk Rage, Evoke Flight


You were on level 2 of the Snake Pit.
You worshipped Dithmenos.
Dithmenos was exalted by your worship.
You were very full.

You visited 5 branches of the dungeon, and saw 19 of its levels.

You collected 2419 gold pieces.
You spent 330 gold pieces at shops.

Inventory:

Jewellery
 n - a +4 ring of intelligence
 p - a ring of stealth (right paw)
 u - an uncursed ring of magical power
 B - a +4 ring of strength
 C - an amulet of rage (around neck)
 E - the ring of the Shining One's Whim (left paw) {+Fly rPois rF++ MR- Slay+3}
   (You found it on level 11 of the Dungeon)

   [ring of slaying]

   It affects your accuracy and damage with ranged weapons and melee attacks
   (+3).
   It greatly protects you from fire.
   It protects you from poison.
   It affects your resistance to hostile enchantments.
   It lets you fly.
Wands
 i - a wand of iceblast (12)
 q - a wand of scattershot (6)
 s - a wand of enslavement (14)
 v - a wand of random effects (26)
 G - a wand of polymorph (17)
 H - a wand of digging (7)
 I - a wand of acid (23)
Scrolls
 c - 2 scrolls of enchant weapon
 d - 3 scrolls of immolation {unknown}
 e - a scroll of blinking
 f - 5 scrolls of fog {unknown}
 h - 7 scrolls of remove curse {unknown}
 m - 4 scrolls of teleportation
 r - 2 scrolls of random uselessness {unknown}
 t - 4 scrolls of enchant armour {unknown}
 y - 5 scrolls of identify
 A - 2 scrolls of magic mapping {unknown}
Potions
 a - 5 potions of curing
 g - a potion of flight {unknown}
 j - 2 potions of agility {unknown}
 k - 2 potions of invisibility
 l - a potion of resistance {unknown}
 o - 2 potions of might {unknown}
 w - 8 potions of heal wounds
 x - 4 potions of cancellation {unknown}
 z - 2 potions of berserk rage {unknown}
 D - a potion of degeneration {unknown}
 F - a potion of brilliance {unknown}
 J - 2 potions of haste {unknown}
 K - 2 potions of mutation {unknown}
Comestibles
 b - 38 rations


   Skills:
 + Level 3.2 Fighting
 - Level 15.7 Dodging
 + Level 18.3 Stealth
 - Level 12.4 Unarmed Combat
 - Level 6.0 Spellcasting
 + Level 18.4 Hexes
 - Level 4.1 Ice Magic


You had 16 spell levels left.
You knew the following spells:

 Your Spells              Type           Power        Failure   Level  Hunger
a - Corona                Hex            ######.      0%          1    None
b - Ensorcelled Hibernat  Hex/Ice        #####.       1%          2    #......
c - Confuse               Hex            ######..     1%          3    ##.....
d - Regeneration          Chrm/Necr      #.........   38%         3    ##.....

Your spell library contained the following spells:

 Spells                   Type           Power        Failure   Level  Hunger
 Dazzling Spray           Conj/Hex       ####..       1%          3    ##.....
 Tukima's Dance           Hex            ######..     1%          3    ##.....
 Freeze                   Ice            ###.         2%          1    None
 Throw Frost              Conj/Ice       ##....       9%          2    #......
 Animate Skeleton         Necr           N/A          14%         1    None
 Infusion                 Chrm           #...         14%         1    None
 Pain                     Necr           #...         14%         1    None
 Ozocubu's Armour         Chrm/Ice       ##......     17%         3    ##.....
 Shroud of Golubria       Chrm/Tloc      #.........   21%         2    #......
 Song of Slaying          Chrm           #.......     21%         2    #......
 Vampiric Draining        Necr           #.........   38%         3    ##.....
 Summon Ice Beast         Ice/Summ       ##......     50%         4    ####...
 Throw Icicle             Conj/Ice       ##......     50%         4    ####...
 Animate Dead             Necr           N/A          80%         4    ####...
 Spectral Weapon          Hex/Chrm       Unusable     N/A         3    N/A

Dungeon Overview and Level Annotations

Branches:
Dungeon (12/15)            Temple (1/1) D:4            Lair (2/6) D:9
  Snake (2/4) Lair:2          Orc (2/2) D:12            Elf (0/3) Orc:2
  Swamp: Lair:2-4    Shoals: Lair:2-4

Altars:
Ashenzari
Cheibriados
Dithmenos
Elyvilon
Fedhas
Gozag
Hepliaklqana
Kikubaaqudgha
Makhleb
Nemelex Xobeh
Okawaru
Qazlal
Ru
Sif Muna
Trog
Uskayaw
Vehumet
Wu Jian
Xom
Yredelemnul
Zin
The Shining One
Beogh

Shops:
D:7 (   Orc:2 **[*

Annotations:
D:3 exclusion: downstairs


Innate Abilities, Weirdness & Mutations

You cannot wear armour.
You are incapable of wielding weapons or throwing items.
Your paws allow you to move quietly. (Stealth)
You have sharp claws.
You have razor-sharp teeth.
You have supernaturally acute eyesight. (SInv)
You are carnivorous and can eat meat at any time.
You cover ground quickly.
Your thick and shaggy fur keeps you warm. (AC +3, rC+)
You have a slow metabolism.
Your sharp claws are effective at attacking unaware monsters.


Message History

The mana viper is moderately wounded.
The mana viper completely misses you.
You claw the mana viper!
The mana viper is heavily wounded.
The mana viper bites you!!
* * * LOW HITPOINT WARNING * * *
You emit a cloud of dark smoke.
You feel your power leaking away.
You scratch the mana viper.
The mana viper is heavily wounded.
Your shadow barely misses the mana viper.
The mana viper barely misses you.
You claw the mana viper!
The mana viper is severely wounded.
Your shadow hits the mana viper. The mana viper barely misses you.
You barely miss the mana viper.
The mana viper is almost dead.
Your shadow hits the mana viper. The mana viper bites you!
You die...

##..# ##.>#######.#####.
#..###..####.##.#..##.# #
##....#.####S.....##...# #.
#..####.###S§§..#..##.##
#..###..# ##§§§#.N..##....##
#.....## #§§§###S..##......
####.## #§S§##§§..#..#..#.
#...## ##SS§...§....##..#.
##..#.###.@##.......###....
##.###..#..######.....##N...
#.## ##...## ##.##........
##.###..#.## #..###.......
##....##..# ##..###..#....
##..####.####...........#.
###.## #..............####
#...# #...N#.<.#.....#
##..### #....###.......####


You could see a mana viper and 2 black mambas.

Vanquished Creatures
  A fire giant (Orc:1)
  3 ettins (Orc:1)
  2 naga warriors
  Fannar (Orc:1)
  2 hydras (Lair:1)
  5 anacondas
  3 two-headed ogres
  A centaur warrior (D:12)
  2 ogre magi (Orc:1)
  9 orc high priests
  A death yak (D:9)
  A titan zombie (Orc:1)
  2 shock serpents
  4 unseen horrors
  3 naga ritualists
  Pikel (D:9)
  A harpy (shapeshifter) (D:8)
  6 ugly things
  8 mana vipers
  3 orc sorcerers
  An orc knight (Orc:2)
  A deep elf mage (D:12)
  A faun (Lair:2)
  16 cyclopes
  19 black mambas
  2 salamanders (Snake:2)
  A stone giant zombie (Orc:1)
  2 naga magi
  Joseph (Lair:1)
  A centaur skeleton (D:10)
  2 gargoyles
  4 spiny frogs
  2 komodo dragons (Lair:2)
  2 rime drakes (D:11)
  A meliai (D:12)
  A queen bee (shapeshifter) (D:10)
  A merfolk (D:11)
  5 trolls
  4 blink frogs
  2 hippogriffs
  The ghost of Calamarain the Digger, an amateur FoEE of Kikubaaqudgha (D:3)
  2 wyverns
  A wraith (D:10)
  A fire elemental (Orc:1)
  2 hungry ghosts
  A basilisk (Lair:2)
  36 yaks
  2 vampire mosquitoes (D:12)
  3 steam dragons (D:11)
  18 nagas
  12 wargs
  A soldier ant (D:11)
  2 water moccasins (Lair:1)
  3 porcupines
  22 orc warriors
  A phantom (D:10)
  2 sky beasts
  A slave (D:9)
  4 ice beasts
  3 eyes of draining (D:8)
  9 centaurs
  40 wolves
  19 ogres
  3 crocodiles
  5 big kobolds (D:12)
  10 bullfrogs
  2 cyclops zombies (Orc:1)
  3 gnoll sergeants (D:12)
  A water moccasin skeleton (D:10)
  2 wyvern skeletons
  4 scorpions
  3 howler monkeys
  6 wights
  A bullfrog zombie (D:8)
  A centaur zombie (D:5)
  5 crimson imps
  2 quasits
  7 hounds
  2 jellies
  Crazy Yiuf (D:5)
  A bullfrog skeleton (D:10)
  35 orc priests
  Ijyb (D:3)
  Terence (D:3)
  4 iguanas
  29 orc wizards
  6 worker ants
  3 hound skeletons
  A worker ant zombie (D:8)
  3 gnolls (D:12)
  10 adders
  3 shadow imps
  A worker ant simulacrum (D:3)
  A howler monkey simulacrum (D:3)
  An ooze (D:5)
  An adder skeleton (D:3)
  2 adder zombies
  3 worms
  2 dart slugs
  4 leopard geckos
  87 orcs
  7 giant cockroaches
  5 goblins
  10 hobgoblins
  7 jackals
  6 quokkas
  A ball python skeleton (D:5)
  3 bats
  6 frilled lizards
  A giant cockroach simulacrum (D:3)
  11 kobolds
  A leopard gecko simulacrum (D:3)
  A quokka skeleton (D:8)
  26 rats
656 creatures vanquished.

Vanquished Creatures (others)
  2 slaves (D:9)
  An orc wizard (D:9)
  An orc (D:9)
  A fungus (Lair:2)
5 creatures vanquished.

Grand Total: 661 creatures vanquished

Notes
Turn   | Place    | Note
-------+----------+-------------------------------------------
     0 | D:1      | Riddle the Felid Enchanter began the quest for the Orb.
     0 | D:1      | Reached XP level 1. HP: 7/7 MP: 4/4
   625 | D:2      | Reached XP level 2. HP: 11/11 MP: 6/6
   629 | D:2      | Learned a level 2 spell: Ensorcelled Hibernation
  1245 | D:2      | Reached skill level 5 in Hexes
  1245 | D:2      | Reached XP level 3. HP: 11/14 MP: 0/7
  1734 | D:2      | Reached skill level 5 in Stealth
  2502 | D:3      | Reached XP level 4. HP: 3/18 MP: 2/8
  2857 | D:3      | Learned a level 3 spell: Confuse
  2871 | D:3      | Noticed Ijyb
  2949 | D:3      | Killed Ijyb
  3066 | D:3      | Noticed Terence
  3076 | D:3      | Killed Terence
  3147 | D:3      | Reached XP level 5. HP: 20/21 MP: 9/9
  3185 | D:3      | Found a runed gate.
  3191 | D:3      | Found a runed gate.
  3191 | D:3      | Found a runed gate.
  3260 | D:3      | Noticed Calamarain's ghost (amateur FoEE)
  3272 | D:3      | Killed Calamarain's ghost
  3272 | D:3      | Gained mutation: You are covered in thick fur. (AC +2)
                  | [Felid growth]
  3272 | D:3      | Reached XP level 6. HP: 16/24 MP: 5/10
  4410 | D:4      | Found a hazy altar of Hepliaklqana.
  4449 | D:4      | Reached skill level 5 in Dodging
  4591 | D:4      | Reached XP level 7. HP: 27/27 MP: 11/11
  4599 | D:4      | Found a staircase to the Ecumenical Temple.
  4672 | Temple   | Entered the Ecumenical Temple
  4986 | Temple   | Became a worshipper of Dithmenos the Shadowed
  5576 | D:5      | Entered Level 5 of the Dungeon
  5614 | D:5      | Found a runed door.
  5622 | D:5      | Noticed Crazy Yiuf
  5626 | D:5      | Killed Crazy Yiuf
  6130 | D:5      | Found an iron altar of Okawaru.
  6683 | D:6      | Noticed a cyan ugly thing
  6844 | D:6      | Reached XP level 8. HP: 27/31 MP: 9/12
  6846 | D:6      | Reached * piety under Dithmenos
  6850 | D:6      | Reached skill level 1 in Ice Magic
  7533 | D:6      | Killed a cyan ugly thing
  7725 | D:6      | Reached skill level 5 in Unarmed Combat
  8176 | D:7      | Reached XP level 9. HP: 34/34 MP: 15/15
  8185 | D:7      | Found Gyrisuk's Antique Weapon Shop.
  8298 | D:7      | Learned a level 3 spell: Regeneration
  8701 | D:8      | Noticed a death knight
  9439 | D:8      | Found a bloodstained altar of Trog.
  9535 | D:8      | Reached ** piety under Dithmenos
  9535 | D:8      | Reached skill level 10 in Hexes
  9940 | D:8      | Noticed a harpy
  9944 | D:8      | Killed a harpy
  9944 | D:8      | Reached skill level 10 in Stealth
  9944 | D:8      | Reached XP level 10. HP: 37/37 MP: 11/17
  9944 | D:8      | Noticed a cyan ugly thing
  9952 | D:8      | Killed a cyan ugly thing
  9977 | D:8      | Slain by a gnoll sergeant
  9978 | D:8      | Reached XP level 9. HP: -1/34 MP: 2/16
 10502 | D:9      | Noticed a death yak
 10503 | D:9      | Noticed a death yak
 10505 | D:9      | Noticed a death yak
 10716 | D:8      | Demolished by a death yak
 10717 | D:8      | Reached XP level 8. HP: -14/31 MP: 15/15
 10779 | D:9      | Noticed Pikel
 10786 | D:9      | Killed Pikel
 10839 | D:9      | Reached XP level 9. HP: 34/34 MP: 11/16
 11218 | D:9      | Found a staircase to the Lair.
 11524 | Lair:1   | Entered Level 1 of the Lair of Beasts
 11998 | D:9      | Reached skill level 10 in Dodging
 12315 | D:9      | Reached *** piety under Dithmenos
 12596 | D:10     | Entered Level 10 of the Dungeon
 12950 | D:10     | Reached XP level 10. HP: 34/37 MP: 17/17
 12975 | D:10     | Noticed an unseen horror
 13078 | D:10     | Killed an unseen horror
 13167 | D:10     | Noticed an unseen horror
 13171 | D:10     | Killed an unseen horror
 13290 | D:10     | Noticed a gargoyle
 13379 | D:10     | Killed a gargoyle
 13542 | D:10     | Found an ornate altar of the Wu Jian Council.
 14023 | D:9      | Killed a death yak
 14262 | D:11     | Reached XP level 11. HP: 40/40 MP: 18/18
 14391 | D:11     | Noticed a two-headed ogre
 14406 | D:11     | Killed a two-headed ogre
 14462 | D:11     | Reached **** piety under Dithmenos
 15486 | D:11     | Noticed a purple ugly thing
 16652 | D:11     | Got a pitted wooden ring
 16653 | D:11     | Identified the ring of the Shining One's Whim {+Fly rPois
                  | rF++ MR- Slay+3} (You found it on level 11 of the Dungeon)
 17154 | D:12     | Noticed an unseen horror
 17215 | D:12     | Killed an unseen horror
 17252 | D:12     | Noticed a two-headed ogre
 17259 | D:12     | Killed a two-headed ogre
 17274 | D:12     | Noticed a red ugly thing
 17287 | D:12     | Killed a red ugly thing
 17399 | D:12     | Found a large runed door.
 17399 | D:12     | Found a large runed door.
 17460 | D:12     | Noticed a centaur warrior
 17460 | D:12     | Noticed a deep elf mage
 17461 | D:12     | Found a large runed door.
 17461 | D:12     | Found a large runed door.
 17464 | D:12     | Killed a deep elf mage
 17466 | D:12     | Killed a centaur warrior
 17493 | D:12     | Noticed an unseen horror
 17495 | D:12     | Killed an unseen horror
 17495 | D:12     | Gained mutation: Your thick and shaggy fur keeps you warm.
                  | (AC +3, rC+) [Felid growth]
 17495 | D:12     | Reached XP level 12. HP: 44/44 MP: 19/19
 17599 | D:12     | Reached ***** piety under Dithmenos
 17599 | D:12     | Reached skill level 10 in Unarmed Combat
 17818 | D:12     | Found a staircase to the Orcish Mines.
 17838 | D:12     | Reached skill level 5 in Spellcasting
 18588 | Orc:1    | Entered Level 1 of the Orcish Mines
 18612 | Orc:1    | Noticed an ettin
 18823 | Orc:1    | Killed an ettin
 19154 | Orc:1    | Noticed an ogre mage
 19156 | Orc:1    | Noticed an ogre mage
 19156 | Orc:1    | Noticed a two-headed ogre
 19159 | Orc:1    | Killed an ogre mage
 19162 | Orc:1    | Killed a two-headed ogre
 19172 | Orc:1    | Killed an ogre mage
 19172 | Orc:1    | Reached skill level 15 in Hexes
 19820 | Orc:1    | Reached skill level 15 in Stealth
 19869 | Orc:1    | Reached XP level 13. HP: 47/47 MP: 18/23
 20510 | Orc:1    | Noticed an ettin
 20513 | Orc:1    | Noticed an ettin
 20514 | Orc:1    | Noticed a fire giant
 20516 | Orc:1    | Killed an ettin
 20746 | Orc:1    | Annihilated by an ettin
 20747 | Orc:1    | Reached XP level 12. HP: -27/44 MP: 15/22
 20908 | Orc:1    | Killed an ettin
 21414 | Orc:1    | Killed a fire giant
 21877 | Orc:2    | Entered Level 2 of the Orcish Mines
 21877 | Orc:2    | Found a shimmering altar of Xom.
 21999 | Orc:1    | Noticed Fannar
 22024 | Orc:1    | Killed Fannar
 22468 | Orc:1    | Found a bloodstained altar of Trog.
 22973 | Orc:2    | Found a staircase to the Elven Halls.
 23024 | Orc:1    | Killed from afar by an orc sorcerer
 23025 | Orc:1    | Reached XP level 11. HP: -11/40 MP: 13/21
 23362 | Orc:2    | Found Fumieg's Antique Armour Shop.
 23362 | Orc:2    | Noticed an orc high priest
 23362 | Orc:2    | Noticed an orc high priest
 23366 | Orc:2    | Killed an orc high priest
 23369 | Orc:2    | Killed an orc high priest
 23377 | Orc:2    | Noticed an orc high priest
 24003 | Orc:1    | Killed an orc high priest
 24003 | Orc:1    | Reached XP level 12. HP: 37/44 MP: 15/22
 24094 | Orc:2    | Reached ****** piety under Dithmenos
 24126 | Orc:2    | Found Zozeunn's General Store.
 24126 | Orc:2    | Noticed an orc high priest
 24284 | Orc:2    | Killed an orc high priest
 24666 | Orc:2    | Bought 2 potions of heal wounds for 120 gold pieces
 24688 | Orc:2    | Found a roughly hewn altar of Beogh.
 24688 | Orc:2    | Noticed an orc high priest
 24729 | Orc:2    | Killed an orc high priest
 24839 | Orc:2    | Noticed an orc high priest
 24839 | Orc:2    | Noticed an orc high priest
 24893 | Orc:2    | Killed an orc high priest
 25007 | Orc:2    | Killed an orc high priest
 25118 | Orc:2    | Noticed an orc high priest
 25194 | Orc:2    | Killed an orc high priest
 25263 | Orc:2    | Noticed an orc high priest
 25316 | Orc:2    | Killed an orc high priest
 25434 | Orc:2    | Found Xekli's Assorted Antiques.
 25434 | Orc:2    | Found Baroynuwk's Assorted Antiques.
 25448 | Orc:2    | Bought a scroll of blinking for 210 gold pieces
 25951 | Lair:1   | Noticed Joseph
 26210 | Lair:1   | Reached skill level 15 in Dodging
 26309 | Lair:1   | Killed Joseph
 26316 | Lair:1   | Noticed a six-headed hydra
 26378 | Lair:1   | Killed a six-headed hydra
 26795 | Lair:1   | Noticed a six-headed hydra
 26942 | Lair:1   | Killed a six-headed hydra
 27105 | Lair:1   | Reached XP level 13. HP: 47/47 MP: 16/23
 28196 | Lair:2   | Found a staircase to the Snake Pit.
 29042 | Snake:1  | Entered Level 1 of the Snake Pit
 30983 | Snake:1  | Reached skill level 1 in Fighting
 31125 | Snake:2  | Reached XP level 14. HP: 52/52 MP: 24/24
 32622 | Snake:2  | Mangled by a mana viper

Skill      XL: |  1  2  3  4  5  6  7  8  9 10 11 12 13 14 |
---------------+-------------------------------------------+-----
Dodging        | 3 4 5 6 7 10 11 12 15 | 15.7
Hexes          | 5 6 7 8 9 12 16 15 18 | 18.4
Stealth        | 5 6 7 8 11 12 16 15 17 18 | 18.3
Unarmed Combat | 2 3 4 7 6 8 9 12 | 12.4
Ice Magic      | 2 4 |  4.1
Spellcasting   | 3 4 6 |  6.0
Fighting       | 1 3 |  3.2

Action                   |  1- 3 |  4- 6 |  7- 9 | 10-12 | 13-15 || total
-------------------------+-------+-------+-------+-------+-------++-------
Melee: Unarmed           |    67 |    97 |   243 |   515 |   193 ||  1115
       Bite              |     4 |     5 |    14 |    32 |     5 ||    60
       Punch             |       |       |     2 |    19 |     3 ||    24
 Cast: Corona            |     8 |       |     6 |     2 |     1 ||    17
       Ensorcelled Hiber |    26 |    25 |   169 |   413 |   206 ||   839
       Confuse           |       |     6 |    56 |    73 |    25 ||   160
  Use: Potion            |     1 |       |       |     1 |     1 ||     3
       Scroll            |       |       |     9 |     5 |     1 ||    15
 Stab: Sleeping          |    22 |    33 |   121 |   259 |   114 ||   549
       Invisible         |     1 |       |       |       |       ||     1
       Confused          |       |     4 |    17 |    31 |     2 ||    54
       Distracted        |       |       |     1 |     4 |     1 ||     6
  Eat: Chunk             |    12 |     7 |    34 |    48 |    14 ||   115
Armor: Skin              |     3 |    10 |     7 |     7 |     3 ||    30
Dodge: Dodged            |    61 |    53 |   176 |   571 |   222 ||  1083
